 Dungeon Crawl Stone Soup version 0.30-a0-953-g5f1da4a474 (webtiles) character file.

Game seed: 12796177544182243159

115 Jackthecabe the Vexing (level 5, -1/40 HPs)
             Began as a Gnoll Hexslinger on Mar 28, 2023.
             Slain by a river rat (3 damage)
             ... in a sewer.
             The game lasted 00:03:13 (1587 turns).

Jackthecabe the Vexing (Gnoll Hexslinger)           Turns: 1587, Time: 00:03:14

Health: -1/40      AC:  5    Str:  7 (10) XL:     5   Next: 0%
Magic:  7/9        EV: 12    Int: 11 (12) God:
Gold:   147        SH:  0    Dex: 12 (14) Spells: 9/10 levels left

rFire   . . .      SeeInvis .    a - +1 sling
rCold   . . .      Faith    .    (no shield)
rNeg    . . .      Spirit   .    l - +0 leather armour
rPois   .          Reflect  .    (no helmet)
rElec   .          Rampage  .    p - +0 cloak
rCorr   .                        (no gloves)
Will    .....                    n - +0 pair of boots
Stlth   +                        (no amulet)
HPRegen 0.26/turn                (no ring)
MPRegen 0.11/turn                (no ring)

@: no status effects
A: fangs 1, strong nose, distributed training
a: no special abilities


You were in a sewer.
You visited 1 branch of the dungeon, and saw 3 of its levels.
You also visited: Sewer.

You collected 147 gold pieces.


Innate Abilities, Weirdness & Mutations

You have very sharp teeth.
Your uncanny sense of smell can sniff out nearby items.
Your experience applies equally to all skills.


   Skills:
 + Level 2.9 Fighting
 + Level 1.3 Short Blades
 + Level 1.3 Long Blades
 + Level 1.3 Axes
 + Level 1.3 Maces & Flails
 + Level 1.3 Polearms
 + Level 1.3 Staves
 + Level 4.7 Ranged Weapons
 + Level 1.3 Throwing
 + Level 1.3 Armour
 + Level 4.7 Dodging
 + Level 1.3 Stealth
 + Level 1.3 Shields
 + Level 1.3 Unarmed Combat
 + Level 3.1 Spellcasting
 + Level 1.1 Conjurations
 + Level 5.5 Hexes
 + Level 1.1 Summonings
 + Level 1.1 Necromancy
 + Level 1.1 Translocations
 + Level 1.1 Transmutations
 + Level 1.1 Fire Magic
 + Level 1.1 Ice Magic
 + Level 1.1 Air Magic
 + Level 1.1 Earth Magic
 + Level 1.1 Poison Magic
 + Level 1.5 Invocations
 + Level 1.3 Evocations


You had 9 spell levels left.
You knew the following spells:

 Your Spells              Type           Power      Damage    Failure   Level
s - Slow                  Hex            52%        N/A       4%          1

Your spell library contained the following spells:

 Spells                   Type           Power      Damage    Failure   Level
 Confusing Touch          Hex            13%        N/A       12%         3
 Inner Flame              Hex/Fire       9%         N/A       28%         3
 Portal Projectile        Hex/Tloc       18%        N/A       28%         3
 Cause Fear               Hex            6%         N/A       36%         4
 Vampiric Draining        Necr           4%         2d6       58%         3

Inventory:

Hand Weapons
 a - a +1 sling (weapon)
Armour
 c - a +0 robe
 l - a +0 leather armour (worn)
 n - a +0 pair of boots (worn)
 p - a +0 cloak (worn)
Scrolls
 b - a scroll of poison
 d - a scroll of identify {unknown}
 f - 2 scrolls of vulnerability {unknown}
 j - a scroll of blinking {unknown}
Potions
 e - 2 potions of brilliance {unknown}
 g - a potion of lignification {unknown}
 h - a potion of haste {unknown}
 i - a potion of attraction {unknown}
 k - 2 potions of curing {@q1}
 m - a potion of heal wounds {unknown}
 o - a potion of degeneration

Dungeon Overview and Level Annotations

Branches:
Dungeon (3/15)              Sewer (1/1)

Altars:

▒▒▒▒▒▒▒▒▒▒▒▒▒
▒▒▒▒.~...~....~▒▒
∆
▒▒~~~....~~.†~.~..
▒@..†.▒▒▒▒▒▒▒▒▒...
. ▒▒rr~▒▒▒ ▒▒▒†
.~~ ▒▒~..▒▒ ▒▒
▒.~~▒▒▒....▒ ▒
▒.~..~.~.▒▒ ▒
▒▒~~.~~.▒▒
▒▒▒▒▒▒▒▒▒▒▒
▒~~...~~▒▒∆
▒.....~~...
~...~~..▒
▒...~~~....
.~~~.▒...
▒..▒▒▒▒▒▒▒▒


You could see 2 river rats.


Message History

Unknown command.
You are too injured to fight recklessly!
Casting: Slow (safe; 3% risk of failure)
Confirm with . or Enter, or press ? or * to list all spells.
Aiming: Slow (safe; 3% risk of failure)
Press: ? - help, Shift-Dir - straight line, f/p - river rat
Aim: a river rat (heavily wounded, chance to affect: 57%)
The river rat seems to slow down.
The river rat bites you.
* * * LOW HITPOINT WARNING * * *
Unknown command.
Casting: Slow (safe; 3% risk of failure)
Confirm with . or Enter, or press ? or * to list all spells.
Aiming: Slow (safe; 3% risk of failure)
Press: ? - help, Shift-Dir - straight line, f - river rat, p - river rat
Aim: a river rat (chance to affect: 57%)
The river rat seems to slow down.
The river rat bites you!
* * * LOW HITPOINT WARNING * * *
Aiming: Slow (safe; 3% risk of failure)
Press: ? - help, Q - select action, (/) - cycle Shift-Dir - straight line, f/p - river rat
Aim: a river rat (slow, chance to affect: 57%)
Okay, then.
It was a potion of curing.
You feel better.
The river rat bites you but does no damage.
The river rat bites you!
* * * LOW HITPOINT WARNING * * *
It was a potion of degeneration.
There was something very wrong with that liquid.
You feel weakened.
You feel dopey.
You feel clumsy. The river rat bites you.
You die...

Skill      XL: |  1  2  3  4 |
---------------+-------------+-----
Invocations    | 1 |  1.5
Short Blades   | 1 |  1.3
Long Blades    | 1 |  1.3
Axes           | 1 |  1.3
Maces & Flails | 1 |  1.3
Polearms       | 1 |  1.3
Staves         | 1 |  1.3
Throwing       | 1 |  1.3
Armour         | 1 |  1.3
Stealth        | 1 |  1.3
Shields        | 1 |  1.3
Unarmed Combat | 1 |  1.3
Evocations     | 1 |  1.3
Spellcasting   | 3 |  3.1
Conjurations   | 1 |  1.1
Summonings     | 1 |  1.1
Necromancy     | 1 |  1.1
Translocations | 1 |  1.1
Transmutations | 1 |  1.1
Fire Magic     | 1 |  1.1
Ice Magic      | 1 |  1.1
Air Magic      | 1 |  1.1
Earth Magic    | 1 |  1.1
Poison Magic   | 1 |  1.1
Fighting       | |  2.9
Ranged Weapons | |  4.7
Dodging        | |  4.7
Hexes          | |  5.5

Action                     |  1- 3 |  4- 6 || total
---------------------------+-------+-------++-------
   Fire: Sling             |   117 |   113 ||   230
   Cast: Slow              |     9 |     9 ||    18
    Use: Potion            |       |     2 ||     2
 Armour: Robe              |     9 |       ||     9
         Leather armour    |     1 |    12 ||    13
  Dodge: Dodged            |    56 |    35 ||    91

Levels and vault maps discovered:
D:1:      minmay_arrival_stair_chambers, layout_rooms, minmay_misc_feat_rugged
D:2:      layout_basic, kennysheep_generic_room_6
D:3:      layout_rooms, mainiacjoe_overflow_tiny_flanked,
          cheibrodos_sewer_entry_bend, uniq_robin
Sewer:    sewer_hellmonk_slimy_pipes

Notes
Turn   | Place    | Note
-------+----------+-------------------------------------------
     0 | D:1      | Jackthecabe the Gnoll Hexslinger began the quest for the
                  | Orb.
     0 | D:1      | Reached XP level 1. HP: 17/17 MP: 4/4
    50 | D:1      | Reached XP level 2. HP: 23/23 MP: 5/5
   368 | D:1      | Reached XP level 3. HP: 23/28 MP: 5/7
   394 | D:1      | Reached skill level 1 in Invocations
   861 | D:2      | Reached skill level 1 in Short Blades
   861 | D:2      | Reached skill level 1 in Long Blades
   861 | D:2      | Reached skill level 1 in Axes
   861 | D:2      | Reached skill level 1 in Maces & Flails
   861 | D:2      | Reached skill level 1 in Polearms
   861 | D:2      | Reached skill level 1 in Staves
   861 | D:2      | Reached skill level 1 in Throwing
   861 | D:2      | Reached skill level 1 in Armour
   861 | D:2      | Reached skill level 1 in Stealth
   861 | D:2      | Reached skill level 1 in Shields
   861 | D:2      | Reached skill level 1 in Unarmed Combat
   861 | D:2      | Reached skill level 1 in Evocations
  1027 | D:2      | Reached XP level 4. HP: 34/34 MP: 8/8
  1041 | D:2      | Reached skill level 3 in Spellcasting
  1317 | D:3      | Reached skill level 1 in Conjurations
  1317 | D:3      | Reached skill level 1 in Summonings
  1317 | D:3      | Reached skill level 1 in Necromancy
  1317 | D:3      | Reached skill level 1 in Translocations
  1317 | D:3      | Reached skill level 1 in Transmutations
  1317 | D:3      | Reached skill level 1 in Fire Magic
  1317 | D:3      | Reached skill level 1 in Ice Magic
  1317 | D:3      | Reached skill level 1 in Air Magic
  1317 | D:3      | Reached skill level 1 in Earth Magic
  1317 | D:3      | Reached skill level 1 in Poison Magic
  1415 | D:3      | Found a glowing drain.
  1454 | Sewer    | Entered a sewer
  1569 | Sewer    | Reached XP level 5. HP: 40/40 MP: 9/9
  1585 | Sewer    | HP: 2/40 [river rat (7)]
  1587 | Sewer    | Slain by a river rat

Vanquished Creatures
  2 adders
  2 worms (D:3)
  4 dart slugs
  9 ball pythons
  9 endoplasms
  8 giant cockroaches
  4 goblins
  4 hobgoblins
  10 jackals (D:1)
  7 kobolds
  A quokka (D:1)
  2 bats
  A frilled lizard (D:3)
  14 rats
77 creatures vanquished.

Table legend: (Time is in decaauts)
 A = Elapsed time spent in this place.
 B = Non-inter-level travel time spent in this place.
 C = Inter-level travel time spent in this place.
 D = Time resting spent in this place.
 E = Time spent auto-exploring this place.
 F = Levels seen in this place.
 G = Mean time per level.
                   A        B        C        D        E       F      G
               +--------+--------+--------+--------+--------+-----+--------+
         Total |   1646 |   1596 |     50 |      0 |   1050 |   4 |  411.5 |
       Dungeon |   1494 |   1444 |     50 |      0 |    984 |   3 |  498.0 |
         Sewer |    151 |    151 |      0 |      0 |     66 |   1 |  151.0 |
               +--------+--------+--------+--------+--------+-----+--------+

Top non-repeatable levels by time:
     D:1: 690 daAuts
     D:2: 589 daAuts
     D:3: 214 daAuts
   Sewer: 151 daAuts

Table legend:
 A = Non-vault XP
 B = Vault XP
 C = Vault XP percentage of total XP
 D = Non-vault monster count
 E = Vault monster count
 F = Vault count percentage of total count
                 A         B        C        D         E       F
            +---------+---------+-------+---------+---------+-------
      Total |     114 |      51 |  30.9 |      51 |      26 |  33.8
            +---------+---------+-------+---------+---------+-------
        D:1 |      58 |       0 |   0.0 |      33 |       0 |   0.0
        D:2 |      31 |       5 |  13.9 |      10 |       4 |  28.6
        D:3 |      25 |      15 |  37.5 |       8 |       5 |  38.5
      Sewer |       0 |      31 | 100.0 |       0 |      17 | 100.0
            +---------+---------+-------+---------+---------+-------
